 Dungeon Crawl Stone Soup version 0.31-a0-841-g038b102fc3 (webtiles) character file.

Game seed: 8042649140526411218

2534 Kurtz the Cleaver (level 9, -7/61 HPs)
             Began as an Octopode Fighter on Sept 27, 2023.
             Was a Believer of Qazlal.
             Mangled by a wyvern (18 damage)
             ... on level 7 of the Dungeon.
             The game lasted 00:05:40 (7258 turns).

Kurtz the Cleaver (Octopode Fighter)                Turns: 7258, Time: 00:05:41

Health: -7/61      AC:  1    Str: 21    XL:     9   Next: 55%
Magic:  12/12      EV: 14    Int: 10    God:    Qazlal [**....]
Gold:   369        SH:  8    Dex: 19    Spells: 8/8 levels left

rFire   + . .        A - +2 hand axe (freeze)
rCold   + . .        b - +0 buckler
rNeg    . . .        (helmet restricted)
rPois   .            (no amulet)
rElec   .            d - ring of resist corrosion
rCorr   +            t - ring of protection from cold
SInv    .            g - ring of the Vendetta {rF+ Str+3 Dex+6}
Will    .....        (no ring)
Stlth   ++           (no ring)
HPRegen 0.30/turn    (no ring)
MPRegen 0.13/turn    (no ring)
                     (no ring)

%: no passive effects
@: no status effects
A: almost no armour, amphibious, 8 rings, camouflage 1, gelatinous body 1,
(nimble swimmer 1), tentacles
a: Renounce Religion, Upheaval


You were on level 7 of the Dungeon.
You worshipped Qazlal.
Qazlal was pleased with you.
You visited 1 branch of the dungeon, and saw 7 of its levels.

You collected 369 gold pieces.

Inventory:

Hand Weapons
 a - a +0 war axe
 y - a +4 hand axe
 A - a +2 hand axe of freezing (weapon)
Missiles
 i - 15 poisoned darts (quivered)
 o - 2 boomerangs
Armour
 b - a +0 buckler (worn)
Jewellery
 d - a ring of resist corrosion (left tentacle)
 g - the ring of the Vendetta (on tentacle) {rF+ Str+3 Dex+6}
   (You acquired it on level 7 of the Dungeon)

   [ring of dexterity]

   Str+3:     It affects your strength (+3).
   Dex+6:     It affects your dexterity (+6).
   rF+:       It protects you from fire.
 t - a ring of protection from cold (right tentacle)
Wands
 B - a wand of paralysis (3)
 C - a wand of flame (11)
Scrolls
 c - a scroll of immolation
 e - 3 scrolls of enchant armour
 f - a scroll of brand weapon {unknown}
 h - a scroll of vulnerability
 j - a scroll of fear
 k - a scroll of amnesia {unknown}
 m - a scroll of fog {unknown}
 n - a scroll of poison {unknown}
 p - 2 scrolls of revelation {unknown}
 s - a scroll of teleportation {unknown}
 v - 3 scrolls of enchant weapon
 w - a scroll of blinking {unknown}
Potions
 q - a potion of heal wounds {unknown}
 r - a potion of experience {unknown}
 u - a potion of mutation {unknown}
 x - a potion of attraction {unknown}
 z - a potion of brilliance {unknown}


   Skills:
 + Level 5.0 Fighting
 * Level 11.4 Axes
 - Level 3.0 Dodging
 - Level 3.0 Shields
 * Level 4.0 Invocations


You had 8 spell levels left.
You didn't know any spells.
Your spell library contained the following spells:

 Spells                   Type           Power      Damage    Failure   Level
 Poisonous Vapours        Pois/Air       0%         N/A       56%         2
 Mephitic Cloud           Conj/Pois/Air  0%         N/A       80%         3
 Freezing Cloud           Conj/Ice/Air   0%         6-21      100%        5


Dungeon Overview and Level Annotations

Branches:
Dungeon (7/15)             Temple (0/1) D:4

Altars:
Ashenzari
Cheibriados
Makhleb
Nemelex Xobeh
Qazlal
Zin
The Shining One

Portals:
Bailey: D:7

Annotations:
D:3 1 runed translucent door, justen's ghost, amateur MfSh
D:6 1 runed translucent door, hattop's ghost, novice TrSh


Innate Abilities, Weirdness & Mutations

You cannot wear most types of armour.
You are amphibious.
You can wear up to eight rings at the same time.
Your skin changes colour to match your surroundings (Stealth+).
Your rubbery body absorbs attacks. (AC +1, EV +1)
((You are camouflaged when in or above water. (Stealth+)))
You have tentacles for arms and can constrict up to eight enemies at once.


Message History

A goblin comes into view. It is wielding a +0 hand axe.
You slash the goblin! You freeze the goblin.
You kill the goblin!
Qazlal accepts your kill.
You hear a splash.
Found a flagged portal.
A goblin comes into view. It is wielding a +0 hand axe.
Things that are here:
a +0 hand axe; a goblin corpse You hit the goblin.
You freeze the goblin.
You kill the goblin!
Qazlal accepts your kill.
You hear a splash.
You completely miss the goblin. You block the goblin's attack.
You closely miss the wyvern. Your squeeze misses the wyvern.
You barely miss the goblin. The wyvern bites you!
The goblin hits you with a +3 hand axe!
Unknown command.
Okay, then.
It was a potion of magic.
Magic courses through your body. The wyvern misses you.
The goblin hits you but does no damage. The wyvern bites you!!
* * * LOW HITPOINT WARNING * * *
Unknown command.
Okay, then.
As you read the scroll of fear, it crumbles to dust.
You assume a fearsome visage.
The goblin looks frightened!
The wyvern looks frightened!
You closely miss the goblin. You grab the goblin.
You squeeze the goblin, but do no damage.
You constrict the goblin. You block the goblin's attack.
You hit the goblin. You freeze the goblin.
You kill the goblin!
Qazlal accepts your kill.
You hear a splash.
Cornered, the wyvern turns to fight!
Things that are here:
a +0 hand axe; a +0 hand axe; a goblin corpse The wyvern bites you!!
You die...

###########
#.°.......#
##.~§))~~~.#
#..~##l##g...
#..~#.@.# ....
###..≈#.∩.#~.....
##....~#...#~.....
#..##.~#####~.....
#.....~~~~~~~.....
#.................
###.#.............
##...###...........
##..................


You could see a wyvern.

Vanquished Creatures
  Maggie (D:6)
  Sigmund (D:2)
  Menkaure (D:5)
  A sky beast (D:6)
  An ice beast (D:6)
  A hornet zombie (D:6)
  2 ogres
  A centaur (D:7)
  3 phantoms (D:6)
  A bullfrog (D:7)
  2 scorpions
  A water moccasin zombie (D:6)
  4 wights (D:6)
  3 bullfrog zombies (D:6)
  A centaur zombie (D:6)
  A centaur skeleton (D:6)
  5 hounds
  4 orc priests
  Natasha (D:2)
  A bullfrog skeleton (D:6)
  An orc wizard (D:7)
  3 iguanas
  A howler monkey zombie (D:6)
  A gnoll (D:1)
  A howler monkey skeleton (D:6)
  5 adders
  2 white imps (D:6)
  2 ufetubi
  5 worms
  3 dart slugs
  21 orcs
  9 ball pythons
  5 endoplasms
  5 giant cockroaches
  8 goblins
  5 hobgoblins
  4 jackals
  A quokka (D:1)
  5 bats
  2 frilled lizards
  6 kobolds
  4 rats
135 creatures vanquished.

Notes
Turn   | Place    | Note
-------+----------+-------------------------------------------
     0 | D:1      | Kurtz the Octopode Fighter began the quest for the Orb.
     0 | D:1      | Reached XP level 1. HP: 16/16 MP: 1/1
   163 | D:1      | Reached skill level 3 in Axes
   163 | D:1      | Reached XP level 2. HP: 21/21 MP: 2/2
   311 | D:1      | Reached XP level 3. HP: 23/26 MP: 3/3
  1235 | D:2      | Found a faded altar of an unknown god.
  1235 | D:2      | Noticed an Executioner
  1325 | D:2      | Reached skill level 4 in Axes
  1470 | D:2      | Noticed Sigmund
  1478 | D:2      | Killed Sigmund
  1479 | D:2      | Reached skill level 5 in Axes
  1479 | D:2      | Reached XP level 4. HP: 20/31 MP: 4/4
  1479 | D:2      | Reached XP level 5. HP: 23/36 MP: 5/5
  1767 | D:2      | Reached skill level 6 in Axes
  1939 | D:2      | Noticed Natasha
  1945 | D:2      | Killed Natasha
  1946 | D:2      | Reached XP level 6. HP: 33/42 MP: 6/6
  2189 | D:3      | Found a runed translucent door.
  2194 | D:3      | Noticed justen's ghost (amateur MfSh)
  2415 | D:3      | Found a broken altar of Ashenzari.
  2415 | D:3      | Found a faded altar of an unknown god.
  2423 | D:3      | Found a snail-covered altar of Cheibriados.
  2425 | D:3      | Found a stormy altar of Qazlal.
  2427 | D:3      | Found a sparkling altar of Nemelex Xobeh.
  2505 | D:3      | Became a worshipper of Qazlal Stormbringer
  3241 | D:4      | Found a staircase to the Ecumenical Temple.
  3602 | D:4      | Reached skill level 7 in Axes
  3678 | D:4      | Reached skill level 1 in Invocations
  3747 | D:4      | Reached XP level 7. HP: 46/46 MP: 7/7
  4312 | D:5      | Entered Level 5 of the Dungeon
  4595 | D:5      | Reached * piety under Qazlal
  4633 | D:5      | Reached skill level 8 in Axes
  4751 | D:5      | Noticed Menkaure
  4759 | D:5      | Killed Menkaure
  4760 | D:5      | Reached XP level 8. HP: 53/53 MP: 9/9
  5416 | D:6      | Noticed a troll
  5417 | D:6      | Noticed a two-headed ogre
  5473 | D:6      | Reached skill level 9 in Axes
  5708 | D:6      | Found a burning altar of Makhleb.
  5708 | D:6      | Found a glowing golden altar of the Shining One.
  5708 | D:6      | Found a glowing silver altar of Zin.
  5767 | D:6      | Found a runed translucent door.
  5768 | D:6      | Noticed hattop's ghost (novice TrSh)
  6410 | D:6      | Reached skill level 10 in Axes
  6550 | D:6      | Noticed Maggie
  6560 | D:6      | Killed Maggie
  6561 | D:6      | Reached XP level 9. HP: 23/59 MP: 11/11
  6716 | D:6      | Reached ** piety under Qazlal
  6726 | D:6      | Reached skill level 11 in Axes
  7160 | D:7      | Identified a scroll of acquirement
  7161 | D:7      | Acquired the ring of the Vendetta {rF+ Str+3 Dex+6}
  7213 | D:7      | Reached skill level 5 in Fighting
  7246 | D:7      | Found a flagged portal.
  7258 | D:7      | Mangled by a wyvern

Illustrated notes

Levels and vault maps discovered:
D:1:      giann_forest_graveyard, layout_loops_corners,
          chequers_serial_rivers_micro_e
D:2:      layout_loops_corners, dreamdust_ecumenical_altar_sealed_demon,
          uniq_sigmund, uniq_natasha
D:3:      layout_loops_ring, chequers_temple_overflow_minitemple,
          ebering_ghost_sewer_d
D:4:      layout_loops_corners, minmay_temple_entry_grid
D:5:      layout_rooms, uniq_menkaure
D:6:      layout_loops_corners, gammafunk_temple_overflow_claw, serial_undead,
          serial_undead_b, serial_undead_e, serial_undead_a, serial_undead_c,
          serial_undead_a, ebering_ghost_reflecting_pool,
          lightli_corner_chamber, uniq_maggie
D:7:      layout_cave_pools, serial_shops, nicolae_take_the_stairs,
          enter_bailey_3, amcnicky_mini_corridor_feature

Skill      XL: |  1  2  3  4  5  6  7  8  9 |
---------------+----------------------------+-----
Axes           | 3 5 6 7 8 10 11 | 11.4
Invocations    | 1 2 3 4 |  4.0
Fighting       | 4 5 |  5.0
Dodging        | |  3.0
Shields        | |  3.0

Action                     |  1- 3 |  4- 6 |  7- 9 || total
---------------------------+-------+-------+-------++-------
  Melee: War axe           |    59 |    85 |   151 ||   295
         Constrict         |    16 |    22 |    37 ||    75
         Tentacles         |     7 |    17 |    37 ||    61
         Punch             |       |     1 |     2 ||     3
         Hand axe          |       |       |    42 ||    42
  Throw: Dart              |       |       |     3 ||     3
    Use: Potion            |     2 |       |     3 ||     5
         Scroll            |       |       |     8 ||     8
   Stab: Sleeping          |     4 |    10 |     1 ||    15
 Armour: Skin              |    25 |    30 |    93 ||   148
  Dodge: Dodged            |    31 |    37 |    92 ||   160
  Block: Buckler           |    12 |    11 |    55 ||    78

Table legend: (Time is in decaauts)
 A = Elapsed time spent in this place.
 B = Non-inter-level travel time spent in this place.
 C = Inter-level travel time spent in this place.
 D = Time resting spent in this place.
 E = Time spent auto-exploring this place.
 F = Levels seen in this place.
 G = Mean time per level.
                   A        B        C        D        E       F      G
               +--------+--------+--------+--------+--------+-----+--------+
         Total |   7308 |   6594 |    714 |   1032 |   4535 |   7 | 1044.0 |
       Dungeon |   7308 |   6594 |    714 |   1032 |   4535 |   7 | 1044.0 |
               +--------+--------+--------+--------+--------+-----+--------+

Top non-repeatable levels by time:
     D:6: 1805 daAuts
     D:4: 1393 daAuts
     D:2: 1390 daAuts
     D:1: 993 daAuts
     D:3: 911 daAuts
     D:5: 726 daAuts
     D:7: 87 daAuts
